Cogmind - Beta 12 @@@ ROGUE MODE // 2023.09.19 @ 01:53:02 Player: Horse Result: Self-destructed Performance ------------- Evolutions (3) 1500 Regions Visited (9) 1800 Robots Destroyed (216) 1080 Value Destroyed (6793) 6793 Prototype IDs (18) 360 Alien Tech Used (0) 0 Bonus (2877) 2877 TOTAL SCORE: 14410 Bonus ------- High Alert Combat Kills 825 Follower Combat Kills 185 Entered Garrisons 400 Used RIF Installer 1500 Friendly Fire -33 Cogmind --------- Core Integrity 495/700 Matter 295/300 Energy 3/100 System Corruption 3% Temperature Cool (54) Movement Rolling (145) Ox3 Location -7/Factory Parts ------- > --- POWER (1) -------- (None) > --- PROPULSION (2) --- Armored Huge Wheel > --- UTILITY (6) ------ Improved Cooling System High-capacity Storage Unit Active Cooling Armor Experimental System Shield > --- WEAPON (4) ------- Advanced Plasma Rifle Advanced Plasma Rifle (fused) Advanced Plasma Rifle > --- INVENTORY (20) --- Advanced Trap Scanner Advanced Target Analyzer Improved Weapon Cycler Improved Transmission Jammer Improved Phase Shifter Improved Medium Armor Plating Thermal Defense Suite Thermal Defense Suite Relay Coupler [Swarmer] (37) Relay Coupler [Hunter] (13) Component Analysis Suite Improved Trap Extractor (2/6 Tiamat Bomb) Recalibrator Cooled Phase Cannon Mini Smartbomb Launcher Mini Smartbomb Launcher Improved Datajack Remote Datajack Peak State ------------ > --- POWER ------------ Reinforced Deuterium Engine > --- PROPULSION ------- Armored Huge Wheel > --- UTILITY ---------- High-capacity Storage Unit Active Cooling Armor Hacking Suite Experimental System Shield > --- WEAPON ----------- Advanced Plasma Rifle Advanced Plasma Rifle Advanced Plasma Rifle Improved Datajack > --- INVENTORY -------- Improved Deuterium Engine Trap Scanner Core Analyzer Transmission Jammer Improved Medium Armor Plating Thermal Defense Suite Thermal Defense Suite Thermal Defense Suite Relay Coupler [NC] Component Analysis Suite Improved Trap Extractor Recalibrator Cooled Phase Cannon Cooled Phase Cannon Antimatter Cannon Mini Smartbomb Launcher Mini Smartbomb Launcher Improved Datajack Remote Datajack [Rating: 87] Favorites ----------- Power Reinforced Deuterium Engine Engine Reinforced Deuterium Engine Power Core Light Nuclear Core Propulsion Wheel Treads Armored Treads Leg Carbon-fiber Leg Wheel Wheel Utility High-capacity Storage Unit Device Trap Scanner Storage High-capacity Storage Unit Processor Advanced Targeting Computer Hackware Hacking Suite Protection Light Armor Plating Weapon Enhanced Autogun Energy Gun Advanced Plasma Rifle Ballistic Gun Enhanced Autogun Launcher Mini Smartbomb Launcher Special Weapon Remote Datajack Slashing Weapon Katana Piercing Weapon Makeshift Spear Special Melee Weapon Improved Datajack Build | -11 -10 -10 -9 -9 -9 -8 -7 -7 -7 ------- Run | Jun Mat Min Mat Sto Gar Mat Fac Gar Fac Slots Evolved 6 | . . . 2 . . 2 2 . . Power . | . . . . . . . . . . Propulsion . | . . . . . . . . . . Utility 4 | . . . 2 . . 2 . . . Weapon 2 | . . . . . . . 2 . . Parts Attached 303 | 7 7 14 46 27 21 88 60 23 10 Power 14 | 1 1 2 2 1 . 5 . 2 . Engine 9 | 1 1 1 2 1 . 1 . 2 . Core 5 | . . 1 . . . 4 . . . Reactor . | . . . . . . . . . . Propulsion 47 | 2 4 6 12 2 1 17 3 . . Treads 4 | . 2 . . . . 2 . . . Leg 18 | . . 2 4 . 1 11 . . . Wheel 25 | 2 2 4 8 2 . 4 3 . . Hover . | . . . . . . . . . . Flight . | . . . . . . . . . . Utility 149 | 2 1 3 20 15 8 41 35 16 8 Device 74 | 1 . 1 8 7 3 20 23 7 4 Storage 4 | 1 1 . . . . 1 . . 1 Processor 8 | . . . 1 1 . 3 3 . . Hackware 8 | . . . . . 1 2 . 4 1 Protection 55 | . . 2 11 7 4 15 9 5 2 Artifact . | . . . . . . . . . . Weapon 93 | 2 1 3 12 9 12 25 22 5 2 Energy Gun 16 | . . . 2 . . 6 6 2 . Energy Cannon . | . . . . . . . . . . Ballistic Gun 39 | 2 1 1 6 5 5 8 11 . . Ballistic Cannon . | . . . . . . . . . . Launcher 9 | . . . . . 2 4 1 2 . Special Weapon 1 | . . . . . . . . . 1 Impact Weapon . | . . . . . . . . . . Slashing Weapon 4 | . . 1 3 . . . . . . Piercing Weapon 8 | . . 1 1 1 1 4 . . . Special Melee Weapon 16 | . . . . 3 4 3 4 1 1 Unidentified Prototypes 4 | . . . 1 . . 3 . . . Corrupted Parts 2 | . . . . . . 2 . . . System Corruption 16 | . . . . . . 16 . . . Parts Lost 36 | . 1 3 6 1 4 17 1 1 2 Power 5 | . 1 . 1 . . 2 . . 1 Propulsion 9 | . . 1 2 1 1 4 . . . Utility 11 | . . 1 1 . 2 7 . . . Weapon 11 | . . 1 2 . 1 4 1 1 1 Highest Loss Streak 4 | . 1 2 4 1 3 4 1 1 1 To Critical Strikes . | . . . . . . . . . . Average Slot Usage (%) 93 | . 99 99 96 99 98 94 96 81 82 Engine 6 | . 13 11 5 11 11 . 7 7 6 Core 2 | . . 2 5 . . 7 . . . Treads 2 | . 10 . . . . . 7 . . Leg 4 | . . 7 2 . 1 13 . . . Wheel 10 | . 17 20 19 21 19 3 3 7 7 Device 9 | . 14 7 9 7 12 11 11 5 8 Storage 9 | . 14 14 11 11 11 8 7 7 5 Processor 7 | . . . 11 11 2 7 16 4 . Hackware 4 | . . . . . . 3 7 10 17 Protection 10 | . . 6 12 13 16 19 2 6 5 Energy Gun 5 | . . . 3 . . 1 6 22 23 Ballistic Gun 11 | . 28 8 4 14 8 9 20 3 . Slashing Weapon 1 | . . 12 4 . . . . . . Piercing Weapon 2 | . . 7 7 3 4 2 . . . Special Melee Weapon 2 | . . . . 4 5 2 2 2 3 Naked Turns . | . . . . . . . . . . Heaviest Build 103 | 12 50 53 58 60 62 70 83 103 94 Greatest Support 42 | 26 40 32 32 20 20 42 42 28 28 Greatest Overweight (x) 6 | . 1 5 4 5 5 5 6 3 3 Average Overweight (x) 1 | . . 1 2 2 3 1 2 2 2 Largest Inventory Capacity 20 | 8 20 20 20 20 20 20 20 20 20 Average Capacity 19 | 7 18 20 20 20 20 19 20 20 17 Most Carried 20 | 7 20 20 20 20 20 20 20 20 20 Average Carried 18 | 4 11 19 19 19 19 19 19 19 15 Final Capacity 20 | 8 20 20 20 20 20 20 20 20 20 Final Carried 20 | 7 20 20 19 20 19 20 20 20 18 Class Distribution -------------------- 46% | Mutant 21% | Scavenger-Mutant 10% | Gunner 5% | Scavenger-Assassin 5% | Scavenger-Skirmisher 4% | Hacker-Mutant Dominant Class ---------------- Mutant | -10/Materials Mutant | -10/Mines Mutant | -9/Materials Scavenger-Mutant | -9/Storage Mutant | -9/Garrison Mutant | -8/Materials Scavenger-Skirmisher | -7/Factory Gunner | -7/Garrison Hacker-Mutant | -7/Factory Resources | -11 -10 -10 -9 -9 -9 -8 -7 -7 -7 ----------- Run | Jun Mat Min Mat Sto Gar Mat Fac Gar Fac Matter Collected 5725 | 309 478 130 520 415 409 1502 1396 385 181 Remotely . | . . . . . . . . . . Salvage Created 7933 | 181 685 364 1326 386 416 1867 1595 780 333 Parts 473 | 14 37 25 78 21 26 105 93 56 18 Haulers Intercepted 8 | . 1 . 4 . . 2 1 . . Recyclers Shooed 6 | . . . . . . 3 1 . 2 Parts Field Recycled . | . . . . . . . . . . Retrieved Matter . | . . . . . . . . . . Parts Self-Destructed . | . . . . . . . . . . Prevented . | . . . . . . . . . . Kills | -11 -10 -10 -9 -9 -9 -8 -7 -7 -7 ------- Run | Jun Mat Min Mat Sto Gar Mat Fac Gar Fac Combat Hostiles Destroyed 138 | . 13 6 20 7 14 30 22 23 3 Melee 39 | . . 6 15 . 3 15 . . . Guns 87 | . 13 . 5 7 7 14 18 21 2 AOE 10 | . . . . . 4 . 4 2 . Classes Destroyed 17 | 3 4 1 3 1 . 3 2 . . Worker 24 | 1 . . 5 2 . 9 7 . . Builder 5 | . . 1 2 . . 1 1 . . Tunneler 9 | 5 1 2 . . . 1 . . . Hauler 8 | . 1 . 4 . . 2 1 . . Recycler 13 | 1 1 . 1 . . 2 6 . 2 Mechanic 4 | . . . 1 . . . 3 . . Operator 2 | . . . . 1 . 1 . . . Watcher 13 | . 3 . 1 1 . 2 4 . 2 Swarmer 33 | . 3 . . . 4 6 6 14 . Grunt 61 | . 10 6 13 5 8 13 . 6 . Duelist 2 | . . . 2 . . . . . . Protector 1 | . . . . . . . 1 . . Sentry 19 | . . . 5 2 2 6 1 2 1 Specialist 3 | . . . . . . 1 2 . . Hunter 12 | . . . . . . 3 8 . 1 Programmer 6 | . . . . . . . 4 1 1 Heavy 1 | . . . . . . 1 . . . Best Kill Streak 14 | 5 6 4 10 3 6 9 14 6 3 Combat Bots Only 6 | . 5 2 5 3 6 5 4 6 3 Max Kills in Single Turn 4 | 2 1 1 2 1 2 1 4 2 1 Gunslinging 1 | . . . . . . . 1 . . Exploded 3 | . . . . . 2 . 3 2 . Melee 1 | . . 1 1 . 1 1 . . . Uniques/NPCs Destroyed . | . . . . . . . . . . Combat | -11 -10 -10 -9 -9 -9 -8 -7 -7 -7 -------- Run | Jun Mat Min Mat Sto Gar Mat Fac Gar Fac Damage Taken 7639 | . 520 147 1328 128 368 2645 925 677 901 Core 1113 | . 112 28 303 10 34 421 84 61 60 Absorbed by Shields 96 | . . . . . 14 . . 82 . Redirected to Shielding 234 | . . . 45 2 12 175 . . . Regen/Repaired (Parts) 912 | . . . 47 38 . 376 . . 451 Core Remaining (%) 45 | 100 . 44 . . 13 23 . . . Volleys Fired 379 | 20 69 . 25 21 22 83 61 61 17 Largest 4 | 2 2 . 2 2 2 2 4 4 3 Hottest 289 | 40 40 . 100 48 56 108 226 289 264 Shots Fired 825 | 40 138 . 38 41 35 153 211 131 38 Gun 802 | 40 138 . 38 41 30 141 208 128 38 Cannon . | . . . . . . . . . . Launcher 23 | . . . . . 5 12 3 3 . Special . | . . . . . . . . . . Kinetic 588 | 40 138 . 25 41 30 126 159 29 . Thermal 214 | . . . 13 . . 15 49 99 38 Explosive 15 | . . . . . 5 4 3 3 . Electromagnetic 8 | . . . . . . 8 . . . Robot Hit Streak 19 | 12 7 . 9 9 10 11 19 6 6 Robot Miss Streak 6 | 2 5 . 3 3 3 4 3 6 2 Penetration Max 1 | . . . . . . 1 1 . . Secondary Targets 14 | . 1 . 1 . 1 4 4 2 1 Max Gunslinging Chain 1 | . 1 . 1 . 1 1 1 1 1 Shots Hit Robots 683 | 26 83 15 89 35 28 166 144 60 37 Core Hits 313 | 9 32 8 36 14 19 69 86 30 10 Critical Kills . | . . . . . . . . . . Critical Parts Destroyed 6 | . 1 . . . . 1 3 1 . Critical Strikes 25 | . 1 . 8 1 1 3 4 6 1 Burn 7 | . . . . . . . 1 5 1 Destroy 6 | . 1 . . . . 1 3 1 . Sever 2 | . . . 2 . . . . . . Impale 10 | . . . 6 1 1 2 . . . Melee Attacks 256 | . . 21 74 12 20 98 5 11 15 Impact . | . . . . . . . . . . Slashing 32 | . . 12 20 . . . . . . Piercing 175 | . . 9 54 4 14 94 . . . Sneak Attacks 73 | . . 3 14 8 2 20 5 11 10 Combat Hostiles 1 | . . . . . . . . . 1 Follow-up Attacks 5 | . . 1 4 . . . . . . Damage Inflicted 16960 | 282 1036 586 2857 497 787 4784 3869 1495 767 Guns 9158 | 282 1036 . 549 468 346 1695 2639 1379 764 Cannons . | . . . . . . . . . . Explosions 2091 | . . . . . 301 448 1226 116 . Melee 5695 | . . 586 2308 29 140 2632 . . . Ramming 16 | . . . . . . 9 4 . 3 Kinetic 5866 | 282 1036 . 373 468 346 1401 1712 248 . Thermal 3292 | . . . 176 . . 294 927 1131 764 Explosive 1921 | . . . . . 301 278 1226 116 . Electromagnetic 170 | . . . . . . 170 . . . Impact . | . . . . . . . . . . Slashing 1183 | . . 394 789 . . . . . . Piercing 4512 | . . 192 1519 29 140 2632 . . . Highest Corruption 17 | . . . . . . 17 1 1 3 Average Corruption 2 | . . . . . . 4 1 1 1 Corruption Purged 8 | . . . . . . 8 . . . Corruption Blocked . | . . . . . . . . . . Effects 61 | . . . . . . 40 2 12 7 Message Errors 15 | . . . . . . 8 . 5 2 Matter Fused 11 | . . . . . . 9 1 1 . Heat Flow Errors 9 | . . . . . . 3 1 2 3 Energy Discharges 10 | . . . . . . 8 . 1 1 Parts Rejected 3 | . . . . . . 2 . 1 . Parts Fused 1 | . . . . . . . . 1 . Data Loss (minor) 6 | . . . . . . 5 . 1 . Data Loss (major) 1 | . . . . . . 1 . . . Misfires 4 | . . . . . . 3 . . 1 Alerts 1 | . . . . . . 1 . . . Overload Shots . | . . . . . . . . . . Overflow Damage 503 | . . 82 190 . . 231 . . . Projectiles . | . . . . . . . . . . Explosions 22 | . . . . . . 22 . . . Melee 481 | . . 82 190 . . 209 . . . Knockbacks . | . . . . . . . . . . Impact . | . . . . . . . . . . Kinetic . | . . . . . . . . . . Secondary . | . . . . . . . . . . Self-Inflicted Damage 77 | . . . . . 27 49 . . 1 Shots 3 | . . . . . 1 2 . . . Rammed 2 | . . . . . . . 1 . 1 Targets Rammed 7 | . . . . . . 5 1 . 1 Kicked 5 | . . . . . . 5 . . . Crushed . | . . . . . . . . . . Highest Temperature 636 | . 15 . 168 26 20 330 508 636 443 Average Temperature 109 | . 4 . 61 10 5 47 149 153 113 Received Heat Transfer 2202 | . 249 66 489 57 98 792 81 166 204 Effects 26 | . . . . . . 3 7 15 1 Shutdowns 4 | . . . . . . . 2 2 . Energy Bleed 5 | . . . . . . . 1 4 . Interference 6 | . . . . . . 3 2 1 . Matter Decay 1 | . . . . . . . . 1 . Damage (minor) 4 | . . . . . . . 2 2 . Damage (major) 6 | . . . . . . . . 5 1 Siege Activations . | . . . . . . . . . . Robots Corrupted . | . . . . . . . . . . Combat Hostiles . | . . . . . . . . . . Parts Fried 4 | . . . . . . 4 . . . Impact Corruptions . | . . . . . . . . . . Robots Melted 1 | . . . . . . . . . 1 Combat Hostiles 1 | . . . . . . . . . 1 Parts Melted 9 | . . . . . . . 2 4 3 Heat Transferred 6676 | . . . 296 . . 557 1925 2448 1450 Parts Sabotaged . | . . . . . . . . . . Parts Stolen . | . . . . . . . . . . Parts Stripped . | . . . . . . . . . . Power Chain Reactions . | . . . . . . . . . . Missiles Intercepted . | . . . . . . . . . . Alert | -11 -10 -10 -9 -9 -9 -8 -7 -7 -7 ------- Run | Jun Mat Min Mat Sto Gar Mat Fac Gar Fac Peak Influence 1406 | 35 206 120 485 400 618 706 717 1406 535 Initial 501 | . 22 15 . 204 176 300 320 501 412 Average 393 | 13 112 49 204 288 434 400 318 986 413 Maximum Alert Level 4 | . 1 . 2 2 2 3 3 4 2 Low Security (%) 28 | 100 94 100 51 . 15 3 33 . . Level 1 37 | . 5 . 42 95 19 64 44 . 22 Level 2 21 | . . . 5 4 65 30 19 14 77 Level 3 7 | . . . . . . 1 1 49 . Level 4 5 | . . . . . . . . 35 . Level 5 . | . . . . . . . . . . High Security . | . . . . . . . . . . Max Security . | . . . . . . . . . . Squads Dispatched 15 | . 3 . 2 . . 5 4 . 1 Investigation 8 | . 3 . 2 . . 2 1 . . Extermination 4 | . . . . . . . 3 . 1 Reinforcement 3 | . . . . . . 3 . . . Assault . | . . . . . . . . . . Garrison . | . . . . . . . . . . Intercept . | . . . . . . . . . . Searches Triggered . | . . . . . . . . . . Construction Impeded . | . . . . . . . . . . Haulers Reinforced . | . . . . . . . . . . Active Scanning Responses . | . . . . . . . . . . Cargo Convoy Interrupts 1 | . . . . . . . 1 . . Stealth | -11 -10 -10 -9 -9 -9 -8 -7 -7 -7 --------- Run | Jun Mat Min Mat Sto Gar Mat Fac Gar Fac Distress Signals 6 | . . . 2 1 . 2 . . 1 Communications Jammed 24 | . . . . . . . . 24 . Distress Signals 24 | . . . . . . . . 24 . Times Spotted 228 | . 23 7 28 11 20 62 41 22 14 Peak Tracking Total 11 | . 3 2 5 4 5 7 11 5 3 Tactical Retreats 20 | . 2 1 9 . . 5 2 1 . Traps | -11 -10 -10 -9 -9 -9 -8 -7 -7 -7 ------- Run | Jun Mat Min Mat Sto Gar Mat Fac Gar Fac Traps Triggered 19 | . . 1 . . 1 4 . 12 1 Indirectly 1 | . . . . . . 1 . . . Trap Hack Attempts 252 | . . . . 74 38 85 50 5 . Triggered 1 | . . . . 1 . . . . . Disarmed 9 | . . . . 1 5 2 . 1 . Reprogrammed 24 | . . . . 4 2 9 9 . . Reused 18 | . . . . 2 . 8 7 1 . Traps Extracted 24 | . . . . 6 . 12 6 . . Installed 26 | . . . . 4 . 14 6 2 . Triggered 18 | . . . . 2 . 8 7 1 . Most Traps Carried 6 | . . . . 2 2 6 6 4 2 Machines | -11 -10 -10 -9 -9 -9 -8 -7 -7 -7 ---------- Run | Jun Mat Min Mat Sto Gar Mat Fac Gar Fac Machines Disabled 24 | . . . 1 1 4 4 1 13 . Max in Single Turn 2 | . . . 1 1 2 1 1 2 . Garrison Relay 3 | . . . . . 1 . . 2 . Machines Repaired . | . . . . . . . . . . Machines Sabotaged . | . . . . . . . . . . Overloaded Fab Kills . | . . . . . . . . . . Hacking | -11 -10 -10 -9 -9 -9 -8 -7 -7 -7 --------- Run | Jun Mat Min Mat Sto Gar Mat Fac Gar Fac Machines Accessed 52 | . 8 1 4 7 4 13 11 2 2 Terminals 32 | . 7 . 2 4 4 8 5 2 . Fabricators 3 | . . . . . . . 3 . . Repair Stations 4 | . . . 1 1 . 1 . . 1 Recycling Units 7 | . 1 . 1 1 . 2 1 . 1 Scanalyzers 2 | . . . . . . 2 . . . Garrison Access 3 | . . . . 1 . . 2 . . Total Hacks 159 | . 35 1 14 18 8 51 20 3 9 Successful 76 | . 13 1 7 9 1 31 8 2 4 Failed 83 | . 22 . 7 9 7 20 12 1 5 Catastrophic 15 | . 2 . . 1 1 7 4 . . Database Lockouts . | . . . . . . . . . . Manual 73 | . 27 . 2 12 . 22 9 . 1 Terminals 99 | . 32 . 9 12 8 28 7 3 . Fabricators 6 | . . . . . . . 6 . . Repair Stations 13 | . . . 3 2 . 4 . . 4 Recycling Units 24 | . 3 . 2 2 . 8 4 . 5 Scanalyzers 11 | . . . . . . 11 . . . Garrison Access 5 | . . . . 2 . . 3 . . Terminal Hacks 22 | . 8 1 2 2 1 5 1 2 . Robot Analysis 6 | . 3 . 1 . . 2 . . . Prototype ID Bank 4 | . 3 . . . . 1 . . . Open Door 2 | . . 1 . 1 . . . . . Open DSF 1 | . . . . . . . 1 . . Branch Access Points 1 | . . . 1 . . . . . . Emergency Access Points 1 | . . . . . . . . 1 . Terminal Index 3 | . 1 . . 1 . 1 . . . Unreport Threat 1 | . . . . . . 1 . . . Locate Traps 1 | . 1 . . . . . . . . Garrison Registry 2 | . . . . . 1 . . 1 . Fabricator Hacks 1 | . . . . . . . 1 . . Build 1 | . . . . . . . 1 . . Repair Station Hacks 10 | . . . 2 2 . 4 . . 2 Scan Component 5 | . . . 1 1 . 2 . . 1 Repair 5 | . . . 1 1 . 2 . . 1 Recycling Unit Hacks 7 | . 1 . 1 . . 3 1 . 1 Retrieve Components 7 | . 1 . 1 . . 3 1 . 1 Scanalyzer 10 | . . . . . . 10 . . . Insert Component 4 | . . . . . . 4 . . . Analyze 6 | . . . . . . 6 . . . Garrison Access Hacks 3 | . . . . 1 . . 2 . . Unlock Access 3 | . . . . 1 . . 2 . . Unauthorized Hacks 23 | . 4 . 2 4 . 9 3 . 1 Terminals 15 | . 4 . 1 4 . 6 . . . Botnet 10 | . 3 . 1 3 . 3 . . . Disrupt 2 | . . . . . . 2 . . . Operators 3 | . 1 . . 1 . 1 . . . Fabricators 1 | . . . . . . . 1 . . Prioritize 1 | . . . . . . . 1 . . Repair Stations . | . . . . . . . . . . Recycling Units 7 | . . . 1 . . 3 2 . 1 Monitor 1 | . . . . . . 1 . . . Reject 4 | . . . 1 . . 1 1 . 1 Recyclers 2 | . . . . . . 1 1 . . Scanalyzers . | . . . . . . . . . . Garrison Access . | . . . . . . . . . . Data Cores Recovered 1 | . . . . 1 . . . . . Used . | . . . . . . . . . . Hacking Detections 46 | . 8 . 4 5 4 13 9 1 2 Full Trace Events 12 | . 6 . 2 . 1 2 1 . . Feedback Events 1 | . . . . . . 1 . . . Corruption 1 | . . . . . . 1 . . . Feedback Blocked . | . . . . . . . . . . Robot Schematics Acquired . | . . . . . . . . . . Robots Built 3 | . . . . . . . 3 . . Authchips . | . . . . . . . . . . Time 67 | . . . . . . . 67 . . Total Robot Build Rating 12 | . . . . . . . 12 . . Part Schematics Acquired 4 | . . . . . . 4 . . . Parts Built . | . . . . . . . . . . Authchips . | . . . . . . . . . . Time . | . . . . . . . . . . Total Part Build Rating . | . . . . . . . . . . Parts Repaired 5 | . . . 1 1 . 2 . . 1 Time 129 | . . . 38 26 . 52 . . 13 Parts Recycled . | . . . . . . . . . . Recycled Matter . | . . . . . . . . . . Retrieved Matter . | . . . . . . . . . . Retrieved Components 39 | . 1 . 9 . . 16 10 . 3 Parts Scanalyzed 4 | . . . . . . 4 . . . Part Schematics Acquired 4 | . . . . . . 4 . . . Parts Damaged 1 | . . . . . . 1 . . . Bothacking | -11 -10 -10 -9 -9 -9 -8 -7 -7 -7 ------------ Run | Jun Mat Min Mat Sto Gar Mat Fac Gar Fac Used RIF Installer 3 | . . . . . 2 . . 1 . Command Fork 1 | . . . . . . . . 1 . Alert ID Control 1 | . . . . . 1 . . . . Robots Hacked 20 | . . . . 4 2 2 5 1 6 Non-combat 16 | . . . . 4 . 2 5 1 4 Combat 4 | . . . . . 2 . . . 2 Robot Hacks Applied 34 | . . . . 4 2 2 5 11 10 parse_system 3 | . . . . 1 . . . 1 1 no_distress 9 | . . . . 3 . 2 . 1 3 generate_echo 1 | . . . . . . . . . 1 find_chute 2 | . . . . . . . 2 . . find_fabricator 1 | . . . . . . . 1 . . find_recycling 3 | . . . . . . . 2 . 1 ignore_parts 1 | . . . . . . . . . 1 find_station 1 | . . . . . . . . . 1 purge_threat 8 | . . . . . . . . 8 . reprogram_traps 1 | . . . . . . . . 1 . reboot_system 1 | . . . . . . . . . 1 streamctrl_high 2 | . . . . . 2 . . . . formatsys_high 1 | . . . . . . . . . 1 Relay Couplers Released 13 | . . . . . 3 . . 10 . Machine Destruction 13 | . . . . . 3 . . 10 . Attached 5 | . . . . . 1 . . 3 1 Fabnet Peak Effective % . | . . . . . . . . . . Robots Rewired 2 | . . . . . 2 . . . . Allies Hacked . | . . . . . . . . . . Hacks Repelled . | . . . . . . . . . . Allies | -11 -10 -10 -9 -9 -9 -8 -7 -7 -7 -------- Run | Jun Mat Min Mat Sto Gar Mat Fac Gar Fac Total Allies 8 | . . . . . 4 . 3 . 1 Largest Group 3 | . . . . . 2 2 3 . 1 Highest-Rated Group 90 | . . . . . 45 45 90 . 32 Highest-Rated Ally 32 | . . . . . 25 25 30 . 32 Total Orders 13 | . . . . . 13 . . . . STAY 5 | . . . . . 5 . . . . FOLLOW 6 | . . . . . 6 . . . . EXPLORE 2 | . . . . . 2 . . . . Ally Attacks 30 | . . . . . 12 2 10 . 6 Total Damage 745 | . . . . . 336 . 354 . 55 Kills 5 | . . . . . 3 . 2 . . Allies Corrupted . | . . . . . . . . . . Allies Melted . | . . . . . . . . . . Intel | -11 -10 -10 -9 -9 -9 -8 -7 -7 -7 ------- Run | Jun Mat Min Mat Sto Gar Mat Fac Gar Fac Robot Analysis Total 6 | . 3 . 1 . . 2 . . . Derelict Logs Recovered 1 | . . 1 . . . . . . . Drone Launches 17 | . . . . 14 3 . . . . Drone Recoveries 3 | . . . . . 3 . . . . Exploration | -11 -10 -10 -9 -9 -9 -8 -7 -7 -7 ------------- Run | Jun Mat Min Mat Sto Gar Mat Fac Gar Fac Turns Passed 12650 | 179 1254 816 1105 732 750 3593 1916 1788 517 Spaces Moved 6324 | 114 747 535 638 419 397 1536 799 868 271 Core 4 | 4 . . . . . . . . . Treads 446 | . 150 . . . . 1 295 . . Legs 1215 | . . 97 34 . . 1084 . . . Wheels 4659 | 110 597 438 604 419 397 451 504 868 271 Hover . | . . . . . . . . . . Flight . | . . . . . . . . . . Fastest Speed 50 | 50 90 105 110 110 110 95 115 130 100 Average Speed 143 | 88 129 124 116 111 126 174 173 139 132 Slowest Speed 360 | 90 240 195 195 155 155 360 237 145 145 Overloaded Moves . | . . . . . . . . . . Propulsion Burnouts . | . . . . . . . . . . Robots Hopped . | . . . . . . . . . . Cave-ins Triggered . | . . . . . . . . . . Exploration Rate (%) 49 | 6 85 92 36 35 59 84 18 70 8 Regions Visited 9 Branch Regions 2 Pre-discovered Areas . | . . . . . . . . . . Known Exits Taken 3 | . . . 1 1 . . 1 . . Unknown Exits Taken 4 | 1 1 1 . . . 1 . . . Scrap Searched 1 | . . 1 . . . . . . . Spaces Dug 21 | . . . . . 1 19 1 . . Terrain Destroyed 111 | . . . . . 3 76 24 4 4 Melee 4 | . . . . . . 4 . . . Projectile 8 | . . . . . . . 3 1 4 AOE 99 | . . . . . 3 72 21 3 . Terrain Rammed . | . . . . . . . . . . Walls Destroyed . | . . . . . . . . . . Machines Disabled . | . . . . . . . . . . Actions | -11 -10 -10 -9 -9 -9 -8 -7 -7 -7 --------- Run | Jun Mat Min Mat Sto Gar Mat Fac Gar Fac Total 8996 | 152 898 662 868 631 591 2209 1231 1357 397 Wait 1032 | 5 60 72 58 59 76 205 176 264 57 Move 6316 | 113 746 534 637 418 396 1535 799 867 271 Hop . | . . . . . . . . . . Pick Up 185 | 7 14 11 15 4 5 55 37 17 20 Fast Attach 39 | 7 1 3 5 1 . 17 3 2 . Attach 56 | . . 2 8 2 4 19 6 11 4 Detach 14 | . . . 2 1 . 5 . 4 2 Swap 208 | . 6 9 33 24 17 52 51 10 6 Drop 124 | . 2 13 15 4 1 36 36 14 3 Fire 379 | 20 69 . 25 21 22 83 61 61 17 Melee 249 | . . 18 70 12 20 98 5 11 15 Ram 1 | . . . . . . . . . 1 Kick 5 | . . . . . . 5 . . . Crush 1 | . . . . . . . 1 . . Escape Stasis 96 | . . . . . 7 . . 89 . Rewire 6 | . . . . . 5 . . . 1 Trap 278 | . . . . 78 38 99 56 7 . Miscellaneous 7 | . . . . 7 . . . . . Route ------- -11/Junkyard -10/Materials (discovered 3 exits: *Mat x2 / *Min) -10/Mines (discovered 2 exits: *Mat x2) -9/Materials (discovered 3 exits: Mat / Min / *Sto) -9/Storage -9/Garrison (discovered 3 exits: *Mat x3) -8/Materials (discovered 3 exits: *Fac x3) -7/Factory (discovered 2 exits: Gar / Gar) -7/Garrison (discovered 3 exits: *Fac x3) -7/Factory (discovered 1 exit: [*Fac]) History --------- Turn | Location | Event 21 | -11/Junkyard | Discovered new exit (range 14) 180 | -11/Junkyard | Entered Materials 306 | -10/Materials | Build established: Mutant 349 | -10/Materials | Discovered new exit (range 14) 480 | -10/Materials | Discovered new exit (range 16) 901 | -10/Materials | Discovered new exit (range 15) 1434 | -10/Materials | Entered Mines 1456 | -10/Mines | Met a Derelict who couldn't figure out how to use a Trap Extractor 1505 | -10/Mines | Learned location of 1 exit from Materials 1826 | -10/Mines | A weapon hastily lodged in a ceiling crevice suddenly fell to the ground 2112 | -10/Mines | Core integrity fell below 50% 2175 | -10/Mines | Discovered new exit (range 7) 2204 | -10/Mines | Discovered new exit (range 7) 2250 | -10/Mines | Entered Materials 2250 | -9/Materials | Evolved 2 slots: Utility x2 2251 | -9/Materials | Identified exit to Materials 2629 | -9/Materials | Repaired Katana 2781 | -9/Materials | Identified exit to Mines 2781 | -9/Materials | Identified exit to Storage 3078 | -9/Materials | Core integrity fell below 50% 3103 | -9/Materials | Lost 4 parts (1p2n1w) 3355 | -9/Materials | Entered Storage 3402 | -9/Storage | Identified exit to Garrison 3434 | -9/Storage | Repaired Core Shielding 4079 | -9/Storage | Build established: Scavenger-Mutant 4087 | -9/Storage | Entered Garrison 4087 | -9/Garrison | Accompanied by 14 allies 4111 | -9/Garrison | Discovered exit to Materials (range 70) 4111 | -9/Garrison | Discovered exit to Materials (range 48) 4111 | -9/Garrison | Discovered exit to Materials (range 53) 4197 | -9/Garrison | Triggered checkpoint 4224 | -9/Garrison | Triggered checkpoint 4270 | -9/Garrison | Triggered checkpoint 4308 | -9/Garrison | Garrison Relay disabled 4328 | -9/Garrison | Installed Relay Interface Framework 4344 | -9/Garrison | Triggered checkpoint 4406 | -9/Garrison | Triggered checkpoint 4469 | -9/Garrison | Triggered checkpoint 4550 | -9/Garrison | Core integrity fell below 20% 4609 | -9/Garrison | Expanded RIF knowledge: Alert ID Control 4723 | -9/Garrison | Lost 3 parts (1n1u1w) 4837 | -9/Garrison | Entered Materials 4837 | -8/Materials | Accompanied by 2 allies 4837 | -8/Materials | Evolved 2 slots: Utility x2 5172 | -8/Materials | Repaired Weapon Shielding 5200 | -8/Materials | Repaired Hcp. Storage Unit 5564 | -8/Materials | Discovered new exit (range 16) 5871 | -8/Materials | Discovered new exit (range 15) 6024 | -8/Materials | Lost 3 parts (1n1u1w) 6079 | -8/Materials | Build established: Mutant 7186 | -8/Materials | Core integrity fell below 50% 7456 | -8/Materials | Build established: Scavenger-Mutant 8031 | -8/Materials | Discovered new exit (range 9) 8168 | -8/Materials | Lost 4 parts (1p1n2w) 8428 | -8/Materials | System corruption reached 10% 8430 | -8/Materials | Entered Factory 8430 | -7/Factory | Evolved 2 slots: Weapon x2 8571 | -7/Factory | Identified exit to DSF 8728 | -7/Factory | Build established: Scavenger-Skirmisher 9168 | -7/Factory | Build established: Scavenger-Assassin 9697 | -7/Factory | Identified exit to Garrison 9878 | -7/Factory | Fabricated L-41 Fighter? 9944 | -7/Factory | Cargo convoy interrupted 10001 | -7/Factory | Found Prototype Launcher 10015 | -7/Factory | Found Prototype Launcher 10016 | -7/Factory | Identified Mni. Smartbomb Launcher (x2) 10032 | -7/Factory | Found Prototype Hackware 10043 | -7/Factory | Found Prototype Protection 10088 | -7/Factory | Identified Exp. System Shield 10091 | -7/Factory | Identified Active Cooling Armor 10231 | -7/Factory | Build established: Gunner 10346 | -7/Factory | Identified exit to Garrison 10346 | -7/Factory | Entered Garrison 10472 | -7/Garrison | Triggered checkpoint 10598 | -7/Garrison | Triggered checkpoint 10607 | -7/Garrison | Triggered checkpoint 10662 | -7/Garrison | Triggered checkpoint 10781 | -7/Garrison | Discovered new exit (range 10) 11058 | -7/Garrison | Triggered checkpoint 11279 | -7/Garrison | Discovered new exit (range 13) 11320 | -7/Garrison | Triggered checkpoint 11364 | -7/Garrison | Garrison Relay disabled 11568 | -7/Garrison | Discovered new exit (range 26) 11568 | -7/Garrison | Discovered new exit (range 31) 11568 | -7/Garrison | Discovered new exit (range 54) 11623 | -7/Garrison | Heavy support dispatched to Factory 11685 | -7/Garrison | Expanded RIF knowledge: Command Fork 11899 | -7/Garrison | Garrison Relay disabled 12134 | -7/Garrison | Entered Factory 12451 | -7/Factory | Repaired Hcp. Storage Unit? 12628 | -7/Factory | Discovered new exit (range 16) 12651 | -7/Factory | Self-destructed Last Messages --------------- 12576_ Acquired Imp. Weapon Cycler. 12579_ K-01 Serf collects debris. 12584_ R-06 Scavenger collects Shock Rifle. 12586_ K-01 Serf collects debris. 12586_ Acquired Thermal Defense Suite. 12588_ B3BGXRNM QMD/DXC/AEW%2S0YGZO 12588_ R-06 Scavenger collects Sml. Storage Unit. 12589_ K-01 Serf collects debris. 12592_ R-06 Scavenger collects Imp. Light Armor Plating. 12593_ K-01 Serf collects debris. 12596_ R-06 Scavenger collects Gatling Laser. 12597_ K-01 Serf collects debris. 12600_ Connecting with Repair Station... 12603_ K-01 Serf collects debris. 12624_ R-06 Scavenger collects Shock Rifle. 12627_ R-06 Scavenger collects Gravmag System. 12628_ EXIT=FOUND 12639_ Discarded Hacking Suite. 12646_ Imp. Deuterium Engine destroyed. 12648_ Destroyed Lgt. Nuclear Core. Map ----- +----------------------------------------------------+ | ???????????????????????#""" % #?????????? | | ???????????????????????#"R% !!= ##????????? | | ???????????????????????#""" !!! #?????????? | | ???????????????????????# "" %!!! ![= #?????????? | | ???????????????????????#### % !=[=! #?????????? | | ??????????????????????????#!* !!!!= #?????????? | | ?????????????############?#[ ##"!"###?????????? | | ?????????????? ! # ##"Y"#???????????? | | ??????????????? # ##"""#???????????? | | ???????????????????"" """ + ########?????????? | | ???????????????????"" """ # #?? ?????????? | | ???????????????????"" """ # #?? ??????????? | | ??????????????????? ?# #? """"??????????? | | ???????????????????######?# #? """"??????????? | | ??????????????????????????# # """""?????????? | | ??????????????????????????# # """"""" ?????? | | ??????????????????????????# + #???? | | ??????????????????????????# # """"""" ?????? | | ??????????????????######### # """""?????????? | | ??????????????????? # #? """"??????????? | | ???????????????????? # #? """"??????????? | | ????????????????????"""" # #?? ??????????? | | ??????????????????? """" # #??#####?????????? | | ??????????????????" """" # #????????????????? | | ???????????????"""" """" gu #????????????????? | | ?????????????# @Y #????????????????? | | ?????????????# """" """" # #????????????????? | | ?????????????????"" """" ## ##????????????????? | | ??????????????????? """" ## #?????????????????? | | ????????????????????"""" ## #?????????????????? | | ???????????????????? ## #?????????????????? | | ????????????????????######## #?????????????????? | | ??????????????????????????? ?????????????????? | | ???????????????????????????? ????????????????? | | ???????????????????????????? ????????????????? | | ???????????????????????????? < +???????????????? | | ????????????????????????????? #???????????????? | | ????????????????????????????? ?#???????????????? | | ????????????????????????????? ???????????????????? | | ?????????????????????????????????????????????????? | | ?????????????????????????????????????????????????? | | ?????????????????????????????????????????????????? | | ?????????????????????????????????????????????????? | | ?????????????????????????????????????????????????? | | ?????????????????????????????????????????????????? | | ?????????????????????????????????????????????????? | | ?????????????????????????????????????????????????? | | ?????????????????????????????????????????????????? | | ?????????????????????????????????????????????????? | | ?????????????????????????????????????????????????? | +----------------------------------------------------+ Best States ------------- Heat Dissipation 121 Energy Generation 16 Energy Capacity 290 Matter Stores 300 Matter Capacity 300 Sight Range 16 Robot Scan Range 15 Terrain Scan Range 16 Terrain Scan Density 210 Jamming Range 14 Additional Mass Support 9 Armor Coverage 1125 Resistance: TH 20 Core Shielding 20 Utility Shielding 66 Weapon Shielding 33 Phase Shifting 10 Evasion (%) 45 Targeting Accuracy 8 Melee Accuracy 10 Recoil Reduction 2 Offensive Hacking 10 Defensive Hacking 16 Relay Coupler Types 1 Relay Coupler Value 32 Trap Extractor Capacity 6 Item Schematics ----------------- Hacking Suite | -8/Materials | Scanalyzed VSS Leg | -8/Materials | Scanalyzed Enh. Autogun | -8/Materials | Scanalyzed System Restoration Module | -8/Materials | Scanalyzed Robot Schematics ------------------ None Fabricated ------------ L-41 Fighter | x3 | -7/Factory | Preloaded Alien Tech Used ----------------- None Achievements -------------- None Challenges ------------ None Game ------ Seed ShrapnelBeamMegatreads Manual? 0 Play Time 03:03:21 Cumulative 1058.2 hours Start 2023.08.09 @ 17:08:36 End 2023.09.19 @ 01:53:02 Sessions 5 Manual Loads 0 Difficulty Rogue Special Mode None Game No. 438 Rogue 438 Adventurer 0 Explorer 0 Win Type - Total 14 Types 12/0/1/1/0/0/0/0/0 Lore% 72 Gallery% 84 Achievement% 71 Wizard Run 0 Options --------- ASCII 0 Keyboard 1 Movement Numpad Keybinds 0 Fullscreen 1 Font 18/SmallcapsGlow Map View 112x50 Tactical HUD 1 Map Filters NONE Filters NONE Steam 1 RUN: 28ba1fa5-8024-478b-907a-1e9ae232bf06